 Dungeon Crawl Stone Soup version 0.26.1-2-gb8aa6d0cf2 (webtiles) character file.

Game seed: 508107543265135965

32 BCrake the Skirmisher (level 3, -7/29 HPs)
             Began as a Demonspawn Wanderer on Mar 3, 2021.
             Shot with an arrow by a centaur (10 damage)
             ... on level 2 of the Dungeon.
             The game lasted 00:06:13 (585 turns).

BCrake the Skirmisher (Demonspawn Wanderer)          Turns: 585, Time: 00:06:15

Health: -7/29      AC:  4    Str: 11    XL:     3   Next: 10%
Magic:  1/6        EV: 14    Int: 14    God:
Gold:   24         SH:  0    Dex: 13    Spells: 6/7 levels left

rFire    . . .     SeeInvis .   a - +2 spear
rCold    . . .     Faith    .   (no shield)
rNeg     + . .     Spirit   .   g - +2 robe {rN+}
rPois    .         Reflect  .   (no helmet)
rElec    .         Harm     .   (no cloak)
rCorr    .         Rampage  .   (no gloves)
Will     .....                  (no boots)
Stlth    ++........             (no amulet)
HPRegen  0.09/turn              (no ring)
MPRegen  0.10/turn              (no ring)

@: no status effects
A: repulsion field 2
a: no special abilities


You were on level 2 of the Dungeon.
You visited 1 branch of the dungeon, and saw 2 of its levels.

You collected 24 gold pieces.

Inventory:

Hand Weapons
 a - a +2 spear (weapon)
Armour
 g - a +2 robe of positive energy (worn)
Scrolls
 b - a scroll of blinking {unknown}
 c - a scroll of teleportation {unknown}
 d - a scroll of enchant armour {unknown}
 f - a scroll of fear {unknown}


   Skills:
 - Level 3.0 Fighting
 - Level 1.7 Armour
 - Level 1.0 Stealth
 - Level 1.0 Shields
 + Level 2.5 Spellcasting
 + Level 1.9 Conjurations
 + Level 1.2 Fire Magic


You had 6 spell levels left.
You knew the following spells:

 Your Spells              Type           Power        Failure   Level
a - Foxfire               Conj/Fire      24%          12%         1

Your spell library contained the following spells:

 Spells                   Type           Power        Failure   Level
 Dazzling Flash           Conj/Hex       8%           41%         3


Dungeon Overview and Level Annotations

Branches:
Dungeon (1/15)

Altars:


Innate Abilities, Weirdness & Mutations

You are surrounded by a moderate repulsion field. (EV +3)


Message History

* * * LOW HITPOINT WARNING * * *
It was a potion of brilliance.
You feel clever all of a sudden.
The foxfire hits the centaur.
The centaur is heavily wounded.
The foxfire hits the centaur.
The centaur is heavily wounded.
The centaur misses you.
A giant cockroach comes into view.
The bat misses you.
The centaur wields a +0 shortbow.
The centaur shoots an arrow.
The arrow barely misses you.
You see here an arrow.
You aren't carrying any pieces of jewellery.
It was a potion of cancellation.
Your magical effects are unravelling.
You feel magically purged.
Your magical contamination has completely faded away.
You feel a little less clever now.
The centaur shoots an arrow.
The arrow hits you!
You die...

#####.######.#
#########.#
####.........#
.......((#####
.........#
.........#
.........#
........(#
.......b@#
.........#
.......c....#
.....K..$####
.........#
..B......#
.........# #
.S.......# #
........#


You could see a centaur, an adder (wandering), a giant cockroach, a bat and a
kobold.

Vanquished Creatures
  An adder (D:2)
  A worm (D:2)
  A bat (D:2)
  2 giant cockroaches (D:1)
  2 goblins
  6 hobgoblins
  A quokka (D:2)
  2 frilled lizards (D:1)
  2 rats (D:1)
18 creatures vanquished.

Vanquished Creatures (others)
  25 foxfires
25 creatures vanquished.

Grand Total: 43 creatures vanquished

Notes
Turn   | Place    | Note
-------+----------+-------------------------------------------
     0 | D:1      | BCrake the Demonspawn Wanderer began the quest for the Orb.
     0 | D:1      | BCrake set off with the following items: a +2 spear, a +0
                  | ring mail; and the following spell memorised: Foxfire; and
                  | the following spells available to memorise: Dazzling Flash
     0 | D:1      | Reached XP level 1. HP: 18/18 MP: 3/3
    72 | D:1      | Gained mutation: You are surrounded by a mild repulsion
                  | field. (EV +2) [demonic ancestry]
    72 | D:1      | Reached XP level 2. HP: 19/24 MP: 3/5
   220 | D:1      | You fall into a shaft and drop 1 floor!
   273 | D:2      | Reached skill level 1 in Fire Magic
   526 | D:2      | Gained mutation: You are surrounded by a moderate repulsion
                  | field. (EV +3) [demonic ancestry]
   526 | D:2      | Reached XP level 3. HP: 29/29 MP: 1/6
   572 | D:2      | Noticed a centaur
   585 | D:2      | Shot with an arrow by a centaur

Illustrated notes

Levels and vault maps discovered:
D:1:      erik_arrival_cave_to_civilisation [erik_arrival_cave_to_hall],
          layout_loops_ring, minmay_split_cup_large
D:2:      layout_basic, grunt_temple_overflow_cloverleaf

Skill      XL: |  1  2 |
---------------+-------+-----
Fire Magic     | 1 |  1.2
Fighting       | |  3.0
Armour         | |  1.7
Stealth        | |  1.0
Shields        | |  1.0
Spellcasting   | |  2.5
Conjurations   | |  1.9

Action                   || total
-------------------------++-------
Melee: Spear             ||    66
 Cast: Foxfire           ||    14
  Use: Potion            ||     3
 Stab: Sleeping          ||     2
Armor: Ring mail         ||    20
       Robe              ||     4
Dodge: Dodged            ||    44
